 Dungeon Crawl Stone Soup version 0.17.1-2-g5865329 (webtiles) character file.

2912 Jerry the Covert (level 9, -1/63 HPs)
             Began as an Octopode Assassin on Jan 22, 2016.
             Was an Initiate of Dithmenos.
             Slain by an ice beast (6 damage)
             ... on level 8 of the Dungeon.
             The game lasted 01:11:37 (9262 turns).

Jerry the Covert (Octopode Assassin)                Turns: 9262, Time: 01:11:37

Health: -1/63      AC:  3    Str: 10      XL:     9   Next: 78%
Magic:  14/14      EV: 15    Int: 13 (14) God:    Dithmenos [......]
Gold:   445        SH:  0    Dex: 14 (16) Spells: 1 memorised, 8 levels left

rFire  + + .     SeeInvis .     H - +0 rapier
rCold  + . .     Clarity  .     (no shield)
rNeg   . . .     SustAt   .     (helmet restricted)
rPois  +         Gourm    .     (no amulet)
rElec  +         Spirit   .     w - ring of wizardry
rCorr  +         Warding  .     (no ring)
rMut   .         Stasis   .     (no ring)
MR     .....                    (no ring)
Stlth  ++++++....               (no ring)
                                (no ring)
                                (no ring)
                                (no ring)

@: resistant, not resistant to hostile enchantments, very stealthy
A: almost no armour, amphibious, 8 rings, constrict 8, thin metallic scales 1,
camouflage 1, blink, deterioration 1, fire resistance 1, high mp 1, wild magic
1, gelatinous body 1
a: Blink, Renounce Religion


You were on level 8 of the Dungeon.
You worshipped Dithmenos.
Dithmenos was noncommittal.
You were very hungry.

You visited 2 branches of the dungeon, and saw 9 of its levels.

You collected 445 gold pieces.

Inventory:

Hand Weapons
 a - a +2 dagger
 b - a +0 blowgun
 H - a +0 rapier (weapon)
Missiles
 c - 83 poisoned needles
 d - 4 curare-tipped needles
Jewellery
 w - a ring of wizardry (left tentacle)
 B - an uncursed ring of wizardry
Wands
 k - a wand of magic darts (23)
 p - a wand of teleportation (6)
 x - a wand of frost (20)
 G - a wand of lightning (7)
Scrolls
 i - 3 scrolls of remove curse
 o - 2 scrolls of teleportation
 q - a scroll of magic mapping
 u - a scroll of amnesia
 y - 2 scrolls of immolation
 z - 2 scrolls of identify
 A - a scroll of enchant armour
 F - a scroll of fog
Potions
 g - 9 potions of curing
 j - 2 potions of brilliance
 m - 2 potions of degeneration
 r - 3 potions of ambrosia
 C - a potion of invisibility
 E - a potion of flight
Books
 D - a book of Summonings

   Spells                             Type                      Level
   a - Recall                         Summoning/Translocation      3
   b - Aura of Abjuration             Summoning                    5
   c - Shadow Creatures               Summoning                    5
   d - Summon Demon                   Summoning                    5
   e - Summon Forest                  Summoning/Translocation      5
   f - Summon Mana Viper              Hexes/Summoning              5
Comestibles
 e - 3 bread rations
 h - 4 meat rations
 n - 3 fruits
 t - 2 slices of pizza
 v - a royal jelly


   Skills:
 + Level 6.6 Fighting
 + Level 6.4 Short Blades
 - Level 2.0 Throwing
 + Level 6.2 Dodging
 + Level 10.6 Stealth
 + Level 2.9 Spellcasting
 - Level 1.2 Summonings


You had 8 spell levels left.
You knew the following spells:

 Your Spells              Type           Power        Failure   Level  Hunger
a - Shadow Creatures      Summ           N/A          99%         5    ######.


Dungeon Overview and Level Annotations

Branches:
Dungeon (8/15)             Temple (1/1) D:7
   Lair: D:8-11

Altars:
Ashenzari
Cheibriados
Dithmenos
Elyvilon
Fedhas
Gozag
Kikubaaqudgha
Makhleb
Nemelex Xobeh
Okawaru
Qazlal
Ru
Sif Muna
Vehumet
Xom
Yredelemnul
Zin
The Shining One

Shops:
D:4 (   D:5 ?   D:6 }


Innate Abilities, Weirdness & Mutations

You cannot wear most types of armour.
You are amphibious.
You can wear up to eight rings at the same time.
You can use your tentacles to constrict eight enemies at once.
Your skin changes colour to match your surroundings (Stealth).
Your rubbery body absorbs attacks (AC +1).
You are partially covered in thin metallic scales (AC +2).
You can translocate small distances at will.
Your body sometimes deteriorates upon taking damage.
Your flesh is heat resistant.
You have an increased reservoir of magic (+10% MP).
Your spells are a little harder to cast, but a little more powerful.


Message History

You barely miss the ice beast.
The ice beast is moderately wounded.
The ice beast hits you. The ice beast freezes you!
* * * LOW HITPOINT WARNING * * *
Your body deteriorates!
You feel clumsy.
You closely miss the ice beast.
The ice beast is moderately wounded.
The ice beast closely misses you.
Drink which item? (? for menu, Esc to quit)
You feel protected. The ice beast hits you.
* * * LOW HITPOINT WARNING * * *
The ice beast freezes you! You resist.
* * * LOW HITPOINT WARNING * * *
You closely miss the ice beast.
The ice beast is moderately wounded.
The ice beast hits you.
* * * LOW HITPOINT WARNING * * *
The ice beast freezes you. You resist.
You die...

#.........#
#.#######.# #.# #.#
#.# #.# #.# #.#
########## #.#
#.###...[..... #.#
#...#.########
#.#######.#'#'########
#....@Y.........†.....
########.#............
#.#...>........
#.#............
#.#...........#
#.#...(.......#
#.............#
#.........#####
#.........#


You could see an ice beast.

Vanquished Creatures
  Grinder (D:4)
  Sigmund (D:3)
  Eustachio (D:6)
  An orc warrior (D:7)
  An ice beast (D:5)
  2 phantoms (D:7)
  2 sky beasts
  3 ogres
  A black bear (D:6)
  2 centaurs
  A giant frog (D:8)
  A scorpion (D:8)
  3 killer bees (D:7)
  4 wights
  2 hounds
  3 crimson imps
  2 jellies (D:6)
  A giant frog zombie (D:5)
  2 giant frog skeletons (D:5)
  A centaur zombie (D:6)
  5 orc wizards
  Crazy Yiuf (D:3)
  An orc priest (D:3)
  3 iguanas
  3 worker ants (D:6)
  2 hound skeletons
  9 adders
  6 gnolls
  A shadow imp (D:7)
  An ooze (D:3)
  2 adder skeletons (D:4)
  A worm (D:3)
  7 giant geckos
  19 orcs
  4 bats
  2 giant cockroaches (D:3)
  12 goblins
  17 hobgoblins
  8 jackals
  15 kobolds
  A ball python (D:4)
  8 giant newts
  4 quokkas
  9 rats
176 creatures vanquished.

Vanquished Creatures (others)
  A centaur (D:5)
  An adder (D:5)
  A worm (D:5)
  An orc (D:5)
  A jackal (D:5)
  A giant cockroach (D:5)
6 creatures vanquished.

Grand Total: 182 creatures vanquished

Notes
Turn   | Place    | Note
--------------------------------------------------------------
     0 | D:1      | Jerry the Octopode Assassin began the quest for the Orb.
     0 | D:1      | Reached XP level 1. HP: 14/14 MP: 1/1
   163 | D:1      | Reached XP level 2. HP: 19/19 MP: 2/2
   891 | D:2      | Reached XP level 3. HP: 20/25 MP: 3/3
  1104 | D:2      | Found a white marble altar of Elyvilon.
  1590 | D:3      | Reached skill level 6 in Stealth
  1597 | D:3      | Reached XP level 4. HP: 26/30 MP: 4/4
  1670 | D:3      | Noticed Crazy Yiuf
  1676 | D:3      | Killed Crazy Yiuf
  1911 | D:3      | Reached XP level 5. HP: 36/36 MP: 5/5
  2100 | D:3      | Noticed Sigmund
  2112 | D:3      | Killed Sigmund
  2112 | D:3      | Reached skill level 7 in Stealth
  2112 | D:3      | Reached XP level 6. HP: 17/43 MP: 6/6
  2585 | D:4      | Found Maenoc's Antique Weapon Boutique.
  2839 | D:4      | Found a sparkling altar of Nemelex Xobeh.
  2958 | D:4      | Noticed Grinder
  2980 | D:4      | Killed Grinder
  2980 | D:4      | Reached XP level 7. HP: 18/49 MP: 7/7
  3170 | D:4      | Found a glowing golden altar of the Shining One.
  3320 | D:4      | Reached skill level 8 in Stealth
  3647 | D:5      | Entered Level 5 of the Dungeon
  3689 | D:4      | Gained mutation: Your spells are a little harder to cast, but a little more powerful. [mutagenic meat]
  3690 | D:4      | Gained mutation: You evolve. [mutagenic meat]
  3691 | D:4      | Gained mutation: You have an increased reservoir of magic (+10% MP). [mutagenic meat]
  3692 | D:4      | Gained mutation: You can spit weak poison. [mutagenic meat]
  3693 | D:4      | Gained mutation: Potions and wands are less effective at restoring your health. [mutagenic meat]
  3694 | D:4      | Gained mutation: You can translocate small distances at will. [mutagenic meat]
  4067 | D:5      | Found Woyvoiwk's Magic Scroll Shop.
  4193 | D:4      | Reached XP level 8. HP: 15/54 MP: 8/8
  4432 | D:5      | Reached skill level 5 in Fighting
  4439 | D:4      | Gained mutation: Your flesh is heat resistant. [mutagenic meat]
  4440 | D:4      | Gained mutation: You are partially covered in thin metallic scales (AC +2). [mutagenic meat]
  4442 | D:4      | Lost mutation: You can spit weak poison. [mutagenic meat]
  4565 | D:5      | Found a shimmering altar of Xom.
  4593 | D:5      | Reached skill level 5 in Short Blades
  4593 | D:5      | Reached skill level 9 in Stealth
  4877 | D:5      | Found a shattered altar of Ashenzari.
  5234 | D:6      | Found Reazax's Gadget Boutique.
  5251 | D:6      | Noticed Eustachio
  5408 | D:6      | Lost mutation: Potions and wands are less effective at restoring your health. [evolution]
  5469 | D:6      | Learned a level 5 spell: Shadow Creatures
  5635 | D:6      | Reached skill level 5 in Dodging
  5888 | D:6      | Reached skill level 1 in Summonings
  6321 | D:6      | Killed Eustachio
  6321 | D:6      | Reached XP level 9. HP: 47/62 MP: 9/11
  6353 | D:6      | Reached skill level 1 in Spellcasting
  6667 | D:6      | Lost mutation: You evolve. [potion of mutation]
  6667 | D:6      | Gained mutation: Your body sometimes deteriorates upon taking damage. [potion of mutation]
  6740 | D:6      | Reached skill level 10 in Stealth
  6893 | D:7      | Found a staircase to the Ecumenical Temple.
  6918 | Temple   | Entered the Ecumenical Temple
  7029 | Temple   | Became a worshipper of Dithmenos the Shadowed
  9003 | D:8      | Found a basalt altar of Yredelemnul.
  9262 | D:8      | Slain by an ice beast

Action                   |  1- 3 |  4- 6 |  7- 9 || total
-------------------------+-------+-------+-------++-------
Melee: Dagger            |    57 |    69 |   191 ||   317
       Rapier            |       |       |   172 ||   172
 Fire: Blowgun           |       |     4 |     5 ||     9
  Use: Scroll            |       |     3 |    18 ||    21
       Potion            |       |     2 |    10 ||    12
 Stab: Sleeping          |    15 |    10 |    34 ||    59
       Distracted        |       |       |     2 ||     2
  Eat: Bread ration      |     1 |       |     1 ||     2
       Chunk             |       |     2 |    24 ||    26
